 Dungeon Crawl Stone Soup version 0.31-a0-704-g1016066182 (webtiles) character file.

Game seed: 11337021246860623483

8882 Conn the Charlatan (level 11, -3/70 HPs)
             Began as an Octopode Fire Elementalist on Sept 9, 2023.
             Was a Priest of Sif Muna.
             Slain by a manticore (11 damage)
             ... on level 9 of the Dungeon.
             The game lasted 00:25:55 (11077 turns).

Conn the Charlatan (Octopode Fire Elementalist)    Turns: 11077, Time: 00:26:00

Health: -3/70      AC:  1    Str: 13    XL:     11   Next: 37%
Magic:  20/20      EV: 17    Int: 24    God:    Sif Muna [***...]
Gold:   419        SH:  5    Dex: 21    Spells: 12/22 levels left

rFire   + . .        a - +5 whip "Yxuitiog" {venom, +Blink Fly Int+2 Dex+2}
rCold   . . .        A - orb {guile}
rNeg    . . .        (helmet restricted)
rPois   .            C - amulet of reflection
rElec   .            o - +6 ring of strength
rCorr   +            q - ring of fire
SInv    .            r - ring of resist corrosion
Will    .....        v - +6 ring of dexterity
Stlth   +++++        y - ring of protection from cold
HPRegen 0.31/turn    (no ring)
MPRegen 0.17/turn    (no ring)
                     (no ring)

%: reflection
@: flying
A: almost no armour, amphibious, 8 rings, camouflage 1, gelatinous body 1,
(nimble swimmer 1), tentacles
a: Renounce Religion, Evoke Blink, Channel Magic, Forget Spell


You were on level 9 of the Dungeon.
You worshipped Sif Muna.
Sif Muna was most pleased with you.
You visited 2 branches of the dungeon, and saw 10 of its levels.

You collected 419 gold pieces.

Inventory:

Hand Weapons
 a - the +5 whip "Yxuitiog" (weapon) {venom, +Blink Fly Int+2 Dex+2}
   (You found it on level 4 of the Dungeon)

   Int+2:     It affects your intelligence (+2).
   Dex+2:     It affects your dexterity (+2).
   Fly:       It grants you flight.
   +Blink:    It lets you blink.
 b - a +2 longbow of electrocution
Missiles
 d - 4 darts of dispersal
 g - 9 poisoned darts
 k - a throwing net
 l - 5 datura-tipped darts (quivered)
 K - a curare-tipped dart
Armour
 A - an orb of guile (worn)
Jewellery
 o - a +6 ring of strength (left tentacle)
 q - a ring of fire (right tentacle)
 r - a ring of resist corrosion (on tentacle)
 v - a +6 ring of dexterity (on tentacle)
 y - a ring of protection from cold (on tentacle)
 C - an amulet of reflection (around mantle)
Wands
 x - a wand of light (25)
Scrolls
 h - a scroll of identify
 m - a scroll of silence
 n - 2 scrolls of amnesia
 t - 3 scrolls of vulnerability
 u - 2 scrolls of revelation
 w - a scroll of immolation
 D - a scroll of teleportation
 E - a scroll of fog
 F - a scroll of fear
 G - a scroll of enchant armour
 J - a scroll of blinking
Potions
 c - a potion of invisibility
 e - a potion of magic
 f - 2 potions of might
 i - a potion of degeneration
 j - a potion of brilliance
 p - a potion of lignification
 s - 4 potions of curing
 z - 2 potions of haste
 B - a potion of berserk rage
 H - 2 potions of enlightenment
 I - a potion of cancellation


   Skills:
 + Level 4.9 Fighting
 + Level 4.9 Ranged Weapons
 + Level 5.9 Dodging
 + Level 6.5 Stealth
 * Level 6.3 Spellcasting
 * Level 6.6 Conjurations
 - Level 3.0 Hexes
 + Level 6.3 Fire Magic
 * Level 5.2 Invocations
 * Level 7.7 Evocations


You had 12 spell levels left.
You knew the following spells:

 Your Spells              Type           Power      Damage    Failure   Level
a - Foxfire               Conj/Fire      100%       2x1d9     1%          1
b - Scorch                Fire           100%       2d9       1%          2
c - Inner Flame           Hex/Fire       45%        N/A       3%          3
d - Flame Wave            Conj/Fire      55%        2d13      5%          4

Your spell library contained the following spells:

 Spells                   Type           Power      Damage    Failure   Level
 Volatile Blastmotes      Fire/Tloc      68%        2d15      6%          3


Dungeon Overview and Level Annotations

Branches:
Dungeon (9/15)             Temple (1/1) D:6            Lair (0/5) D:9
    Orc: D:9-12

Altars:
Ashenzari
Cheibriados
Dithmenos
Elyvilon
Fedhas
Gozag
Hepliaklqana
Kikubaaqudgha
Makhleb
Nemelex Xobeh
Okawaru
Qazlal
Ru
Sif Muna
Trog
Uskayaw
Vehumet
Wu Jian
Xom
Yredelemnul
Zin
The Shining One

Shops:
D:4 ?   D:5 *


Innate Abilities, Weirdness & Mutations

You cannot wear most types of armour.
You are amphibious.
You can wear up to eight rings at the same time.
Your skin changes colour to match your surroundings (Stealth+).
Your rubbery body absorbs attacks. (AC +1, EV +1)
((You are camouflaged when in or above water. (Stealth+)))
You have tentacles for arms and can constrict up to eight enemies at once.


Message History

The glob of lava hits you! You partially resist. The lava snake bites you.
You are engulfed in flames.
You resist.
Unknown command.
You whack the lava snake!
The lava snake is poisoned.
You squeeze the lava snake.
The lava snake is almost dead.
You constrict the lava snake.
You kill the lava snake!
Sif Muna accepts your kill.
Unknown command.
You see here a +0 club.
Found a stone staircase leading down.
A manticore comes into view.
Casting: Foxfire (safe; 1% risk of failure)
Confirm with . or Enter, or press ? or * to list all spells.
Okay, then.
Okay, then.
Unknown command.
Unknown command.
Unknown command.
Unknown command.
Found 20 gold pieces.
The helpless manticore fails to defend itself.
You whack the manticore!
The manticore is lightly wounded.
You block the manticore's attack. The manticore claws you. x2
You hit the manticore.
The manticore is poisoned.
The manticore is moderately wounded.
The manticore bites you!! The manticore completely misses you.
The manticore misses you.
You hit the manticore but do no damage.
The manticore looks even sicker.
The manticore is moderately wounded.
The manticore completely misses you. The manticore claws you. x2
You hit the manticore.
The manticore looks as sick as possible!
The manticore is heavily wounded.
The manticore bites you!!
* * * LOW HITPOINT WARNING * * *
The manticore barely misses you. The manticore claws you!
You die...

..........................#
..........................#
###.#####################.#
.........## #.# ..........#
#.#
~.~~..~~..###############.#
~.~≈~~........#$#.........#
~.~~≈~~.......#H#.........#
~.~≈~~...######.@.#######>#
~.~≈~..~.# ##### #.#
~.~≈~~≈..# #.# ~.~~≈≈~..#
#.# ..~.≈≈≈~.# #.#
~..~~≈≈≈~# #.# ....≈≈≈≈≈#
#.#
.>..≈≈≈≈≈################.#
...≈≈≈≈≈~.................#


You could see a manticore (extremely poisoned).

Vanquished Creatures
  2 two-headed ogres
  Pikel (D:8)
  An ugly thing (D:8)
  A troll (D:9)
  16 yaks
  A wyvern (D:9)
  The ghost of paps the Changeling, an amateur OpSh (D:3)
  An acid dragon (D:9)
  A water moccasin (D:7)
  5 orc warriors
  2 sky beasts
  2 ogres
  2 wolves (D:9)
  3 centaurs
  3 lemures
  3 phantoms
  A kobold brigand (D:9)
  4 scorpions
  2 bullfrogs
  4 wights (D:4)
  8 killer bees
  2 electric eels (D:9)
  2 howler monkeys (D:8)
  A lava snake (D:9)
  8 hounds
  A jelly (D:6)
  A gnoll bouda (D:7)
  11 orc priests
  2 sleepcaps (D:6)
  Natasha (thrice) (D:2)
  2 iguanas (D:5)
  10 orc wizards
  8 gnolls
  8 adders
  A white imp (D:5)
  3 worms
  A dart slug (D:1)
  39 orcs
  9 ball pythons
  3 bats
  3 endoplasms
  4 goblins
  6 hobgoblins
  5 jackals
  5 kobolds
  2 quokkas
  3 frilled lizards (D:1)
  3 rats
210 creatures vanquished.

Vanquished Creatures (collateral kills)
  A ball python (D:2)
1 creature vanquished.

Vanquished Creatures (others)
  628 foxfires
628 creatures vanquished.

Grand Total: 839 creatures vanquished

Notes
Turn   | Place    | Note
-------+----------+-------------------------------------------
     0 | D:1      | Conn the Octopode Fire Elementalist began the quest for the
                  | Orb.
     0 | D:1      | Reached XP level 1. HP: 11/11 MP: 3/3
   281 | D:1      | Reached XP level 2. HP: 17/17 MP: 1/5
  1036 | D:2      | Found a burning altar of Makhleb.
  1135 | D:1      | Reached XP level 3. HP: 13/21 MP: 1/6
  1140 | D:1      | Learned a level 2 spell: Scorch
  1144 | D:1      | Learned a level 3 spell: Inner Flame
  1284 | D:2      | Found a faded altar of an unknown god.
  1449 | D:2      | Reached XP level 4. HP: 27/27 MP: 0/7
  1705 | D:2      | Noticed Natasha
  1713 | D:2      | Killed Natasha
  1741 | D:2      | Noticed Natasha
  1746 | D:2      | Killed Natasha
  1747 | D:2      | Reached XP level 5. HP: 31/31 MP: 0/9
  1967 | D:2      | Noticed Natasha
  1980 | D:2      | Killed Natasha
  2142 | D:3      | You fall into a shaft and drop 2 floors!
  2142 | D:5      | Entered Level 5 of the Dungeon
  2277 | D:4      | Identified the +5 whip "Yxuitiog" {venom, +Blink Fly Int+2
                  | Dex+2}
  2482 | D:4      | Found a burning altar of Makhleb.
  2500 | D:4      | Found Reyrr's Magic Scroll Shoppe.
  2656 | D:4      | Noticed an ogre
  2848 | D:3      | Found a runed translucent gate.
  2848 | D:3      | Found a runed translucent gate.
  2849 | D:3      | Found a runed translucent gate.
  2849 | D:3      | Noticed paps's ghost (amateur OpSh)
  2877 | D:3      | Learned a level 4 spell: Flame Wave
  2891 | D:3      | Reached skill level 1 in Evocations
  3001 | D:3      | Reached XP level 6. HP: 29/36 MP: 10/10
  3591 | D:3      | Killed paps's ghost
  3592 | D:3      | Reached skill level 1 in Ranged Weapons
  3592 | D:3      | Reached skill level 2 in Evocations
  3603 | D:3      | Reached skill level 1 in Fighting
  3714 | D:4      | Reached XP level 7. HP: 43/43 MP: 7/11
  4103 | D:4      | Reached skill level 3 in Evocations
  4105 | D:4      | Found a hazy altar of Hepliaklqana.
  4155 | D:4      | Found a shimmering blue altar of Sif Muna.
  4167 | D:4      | Became a worshipper of Sif Muna the Loreminder
  4377 | D:5      | Reached XP level 8. HP: 50/50 MP: 7/13
  4652 | D:5      | Reached skill level 4 in Evocations
  4887 | D:5      | Found Gamn's Overcharged Wands.
  5841 | D:6      | Reached skill level 5 in Fire Magic
  5850 | D:6      | Reached skill level 5 in Evocations
  6135 | D:6      | Reached XP level 9. HP: 56/56 MP: 8/15
  6348 | D:6      | Found a shadowy altar of Dithmenos.
  6593 | D:6      | Found a staircase to the Ecumenical Temple.
  6599 | Temple   | Entered the Ecumenical Temple
  6635 | D:7      | Reached * piety under Sif Muna
  6969 | D:7      | Reached skill level 1 in Invocations
  7327 | D:7      | Reached skill level 1 in Hexes
  7475 | D:7      | Reached skill level 5 in Dodging
  7475 | D:7      | Reached skill level 6 in Evocations
  7916 | D:7      | Reached skill level 5 in Stealth
  7916 | D:7      | Reached skill level 5 in Conjurations
  8105 | D:8      | Reached ** piety under Sif Muna
  8114 | D:8      | Reached skill level 5 in Spellcasting
  8266 | D:8      | Reached XP level 10. HP: 48/63 MP: 3/17
  8484 | D:8      | Noticed Pikel
  8486 | D:8      | Noticed a cyan ugly thing
  8493 | D:8      | Killed a cyan ugly thing
  8682 | D:8      | Noticed a two-headed ogre
  8690 | D:8      | Killed a two-headed ogre
  9099 | D:8      | Found a basalt altar of Yredelemnul.
  9106 | D:8      | Found a blossoming altar of Fedhas.
  9375 | D:9      | Noticed a two-headed ogre
  9380 | D:9      | Killed a two-headed ogre
  9381 | D:9      | Reached skill level 7 in Evocations
  9675 | D:8      | Reached XP level 11. HP: 62/70 MP: 2/19
  9808 | D:8      | Killed Pikel
  9994 | D:9      | Found a radiant altar of Vehumet.
 10094 | D:9      | Found a glowing silver altar of Zin.
 10124 | D:9      | Reached *** piety under Sif Muna
 10422 | D:9      | Reached skill level 5 in Invocations
 10528 | D:9      | Found a staircase to the Lair.
 11072 | D:9      | Noticed a manticore
 11077 | D:9      | Slain by a manticore

Illustrated notes

Levels and vault maps discovered:
D:1:      wander_arrival_chamber, layout_loops_corners
D:2:      layout_rooms, ebering_ecumenical_altar_rust, basic_altar,
          grunt_decor_one_mirror, uniq_natasha
D:3:      layout_rooms, gammafunk_ghost_split, kennysheep_flooded_box,
          minmay_stone_trees_small, grunt_decor_arrowhead,
          minmay_misc_feat_encased
D:4:      layout_rooms, gammafunk_temple_overflow_forgotten, serial_shops, shop,
          serial_co_window_serial, co_window_corner_a, co_window_corner_a,
          co_window_corner_a, co_window_paths_b, co_window_corner_a,
          co_window_unsneaky_path_e, co_window_paths_c, co_window_corner_cb,
          co_window_paths_c, co_window_of_opportunity_b, co_window_2corner,
          glass_columns_c, glass_columns_a
D:5:      layout_loops_corners, chequers_arboretum,
          nicolae_shop_overcharged_wands
D:6:      layout_loops_ring, mainiacjoe_overflow_cross_hatched,
          minmay_temple_entry_enclosed_plants, minivault_23
D:7:      layout_gridville
D:8:      layout_basic, mainiacjoe_overflow_large_starburst, uniq_pikel
D:9:      layout_long_grid, mainiacjoe_overflow_small_starburst,
          vehumet_crystals, erik_lair_island, nicolae_lava_and_water,
          minmay_microvault
Temple:   compressed_dpeg_circular_temple

Skill      XL: |  1  2  3  4  5  6  7  8  9 10 11 |
---------------+----------------------------------+-----
Stealth        | 3 4 5 6 |  6.5
Conjurations   | 2 3 4 5 6 |  6.6
Dodging        | 3 4 5 |  5.9
Spellcasting   | 3 4 5 6 |  6.3
Evocations     | 1 2 3 5 6 7 |  7.7
Ranged Weapons | 1 2 3 4 |  4.9
Fire Magic     | 4 5 6 |  6.3
Fighting       | 1 2 3 4 |  4.9
Invocations    | 2 4 5 |  5.2
Hexes          | 1 2 3 |  3.0

Action                     |  1- 3 |  4- 6 |  7- 9 | 10-12 || total
---------------------------+-------+-------+-------+-------++-------
  Melee: Unarmed           |    17 |     3 |       |       ||    20
         Tentacles         |     4 |     2 |    14 |     9 ||    29
         Constrict         |     2 |     5 |    12 |     1 ||    20
         Whip              |       |    16 |    47 |    22 ||    85
  Throw: Dart              |     1 |     2 |     3 |       ||     6
   Cast: Foxfire           |    50 |    64 |   148 |    98 ||   360
         Scorch            |       |     7 |    37 |    28 ||    72
         Inner Flame       |       |     1 |     7 |     9 ||    17
         Flame Wave        |       |       |     1 |    14 ||    15
 Invoke: Channel Magic     |       |       |       |     1 ||     1
Ability: Evoke Blink       |       |       |       |     1 ||     1
  Evoke: Wand              |       |       |       |     1 ||     1
    Use: Scroll            |       |    12 |     6 |     5 ||    23
         Potion            |       |     1 |       |     2 ||     3
   Stab: Sleeping          |     1 |     3 |     2 |     1 ||     7
 Armour: Skin              |     8 |     9 |    30 |    41 ||    88
  Dodge: Dodged            |    16 |    20 |    36 |    45 ||   117
  Block: Orb               |       |       |       |    11 ||    11
         Reflection        |       |       |       |     1 ||     1

Table legend: (Time is in decaauts)
 A = Elapsed time spent in this place.
 B = Non-inter-level travel time spent in this place.
 C = Inter-level travel time spent in this place.
 D = Time resting spent in this place.
 E = Time spent auto-exploring this place.
 F = Levels seen in this place.
 G = Mean time per level.
                   A        B        C        D        E       F      G
               +--------+--------+--------+--------+--------+-----+--------+
         Total |  11089 |  10857 |    232 |   1227 |   7352 |  10 | 1108.9 |
       Dungeon |  11087 |  10855 |    232 |   1227 |   7352 |   9 | 1231.9 |
        Temple |      1 |      1 |      0 |      0 |      0 |   1 |    1.0 |
               +--------+--------+--------+--------+--------+-----+--------+

Top non-repeatable levels by time:
     D:7: 1673 daAuts
     D:9: 1433 daAuts
     D:5: 1400 daAuts
     D:8: 1249 daAuts
     D:1: 1138 daAuts
     D:4: 1101 daAuts
     D:6: 1060 daAuts
     D:3: 1018 daAuts
     D:2: 1011 daAuts
  Temple: 1 daAuts
